[ AOE2 MATCH · #513777018 ]
UnrankedPersians vs Burmese
Player's team · LOSS
Rival team · WIN
[ REPLAY ANALYSIS · EXTRACTED FROM THE RECORDED GAME ]
Feudal
17:21
Castle
27:34
Imperial
—
| APM avg | 59.6 |
| APM peak | 114 |
| eAPM avg | 27.0 |
| Villagers / military | 134 / 54 |
Focus
⚔️ 36.1% · 🌾 63.9%
Monk ×34 · Scout Cavalry ×11 · Knight ×5 · Mangonel ×3 · Skirmisher ×1
Feudal
13:49
Castle
21:16
Imperial
46:04
| APM avg | 45.5 |
| APM peak | 74 |
| eAPM avg | 19.6 |
| Villagers / military | 123 / 73 |
Focus
⚔️ 26.2% · 🌾 73.8%
Arambai ×42 · Monk ×8 · Spearman ×7 · Mangonel ×6 · Scout Cavalry ×4 · Trebuchet (Packed) ×3
Match map
Initial resources + every placement click. Lines = walls · curves = elevation contours. ◆ gold · ⬟ stone · ● berries · ✦ relic · ◌ wall gap
Your base· Open — unwalled flank
Dolzka's base· Open — unwalled flank
Smoothed initial terrain · ◌ = detected wall gap · hover for details
Inputs per minute
— mung bean cake - - Dolzka
Build order — mung bean cake
First 150 of 317 actions detected
| 0:00 | Queue | Villager (Male) |
| 0:02 | Build | House |
| 0:02 | Queue | Villager (Male) |
| 0:04 | Build | House |
| 0:04 | Queue | Villager (Male) |
| 0:11 | Queue | Villager (Male) |
| 0:12 | Queue | Villager (Male) |
| 1:20 | Queue | Villager (Male) |
| 2:21 | Queue | Villager (Male) |
| 2:21 | Queue | Villager (Male) |
| 2:22 | Queue | Villager (Male) |
| 2:22 | Queue | Villager (Male) |
| 2:33 | Research | Loom |
| 2:34 | Queue | Villager (Male) |
| 2:53 | Build | Lumber Camp |
| 3:48 | Queue | Villager (Male) |
| 3:48 | Queue | Villager (Male) |
| 3:50 | Queue | Villager (Male) |
| 3:50 | Queue | Villager (Male) |
| 4:17 | Queue | Villager (Male) |
| 4:17 | Queue | Villager (Male) |
| 4:19 | Build | House |
| 5:24 | Queue | Villager (Male) |
| 5:24 | Queue | Villager (Male) |
| 5:42 | Build | Mill |
| 6:16 | Build | Town Center |
| 6:23 | Build | Palisade Gate |
| 6:26 | Build | Palisade Wall |
| 6:30 | Build | Palisade Wall |
| 6:31 | Build | Palisade Wall |
| 6:32 | Build | Palisade Wall |
| 7:08 | Queue | Villager (Male) |
| 8:08 | Queue | Villager (Male) |
| 8:14 | Build | House |
| 9:19 | Queue | Villager (Male) |
| 9:40 | Queue | Villager (Male) |
| 10:20 | Queue | Villager (Male) |
| 10:22 | Queue | Villager (Male) |
| 10:28 | Queue | Villager (Male) |
| 10:36 | Queue | Villager (Male) |
| 10:50 | Build | House |
| 11:05 | Queue | Villager (Male) |
| 11:20 | Queue | Villager (Male) |
| 11:32 | Queue | Villager (Male) |
| 11:35 | Build | House |
| 12:12 | Queue | Villager (Male) |
| 12:19 | Queue | Villager (Male) |
| 12:44 | Queue | Villager (Male) |
| 12:48 | Build | Farm |
| 12:52 | Build | Farm |
| 12:52 | Queue | Villager (Male) |
| 13:05 | Build | House |
| 13:25 | Queue | Villager (Male) |
| 13:29 | Build | House |
| 13:30 | Build | House |
| 13:36 | Queue | Villager (Male) |
| 13:57 | Queue | Villager (Male) |
| 14:13 | Queue | Villager (Male) |
| 14:26 | Queue | Villager (Male) |
| 14:27 | Queue | Villager (Male) |
| 14:42 | Build | Mill |
| 15:17 | Research | Feudal Age |
| 15:18 | Research | Feudal Age |
| 15:34 | Build | Palisade Gate |
| 15:38 | Build | Palisade Wall |
| 15:40 | Build | House |
| 15:41 | Build | Palisade Wall |
| 15:42 | Queue | Villager (Male) |
| 15:47 | Queue | Villager (Male) |
| 16:33 | Queue | Villager (Male) |
| 16:54 | Build | Barracks |
| 17:21 | Age | Feudal Age |
| 17:24 | Build | Stable |
| 17:42 | Research | Double-Bit Axe |
| 17:43 | Queue | Villager (Male) |
| 17:50 | Queue | Villager (Male) |
| 17:58 | Queue | Scout Cavalry |
| 18:02 | Queue | Villager (Male) |
| 18:09 | Queue | Villager (Male) |
| 18:15 | Research | Horse Collar |
| 18:16 | Queue | Villager (Male) |
| 18:19 | Queue | Villager (Male) |
| 18:21 | Queue | Villager (Male) |
| 18:24 | Build | Farm |
| 18:28 | Build | Farm |
| 18:28 | Queue | Villager (Male) |
| 18:36 | Build | Farm |
| 18:37 | Queue | Villager (Male) |
| 18:38 | Queue | Villager (Male) |
| 18:42 | Build | Farm |
| 18:42 | Build | Farm |
| 18:42 | Build | Farm |
| 18:46 | Queue | Scout Cavalry |
| 18:46 | Queue | Scout Cavalry |
| 18:53 | Queue | Villager (Male) |
| 18:56 | Build | Farm |
| 18:59 | Build | Farm |
| 19:00 | Queue | Villager (Male) |
| 19:06 | Queue | Villager (Male) |
| 19:21 | Queue | Scout Cavalry |
| 19:26 | Build | Farm |
| 19:32 | Queue | Villager (Male) |
| 19:36 | Build | Farm |
| 20:02 | Queue | Villager (Male) |
| 20:18 | Queue | Scout Cavalry |
| 20:21 | Build | Farm |
| 20:22 | Build | Farm |
| 20:22 | Build | Farm |
| 20:22 | Build | Farm |
| 20:22 | Build | Farm |
| 20:43 | Queue | Villager (Male) |
| 20:46 | Queue | Villager (Male) |
| 21:06 | Queue | Villager (Male) |
| 21:08 | Build | Mining Camp |
| 21:13 | Queue | Villager (Male) |
| 21:17 | Build | Farm |
| 21:20 | Queue | Villager (Male) |
| 21:43 | Queue | Villager (Male) |
| 21:44 | Build | Farm |
| 21:46 | Queue | Villager (Male) |
| 22:01 | Build | Farm |
| 22:02 | Build | Farm |
| 22:02 | Build | Farm |
| 22:03 | Build | Farm |
| 22:46 | Queue | Villager (Male) |
| 22:55 | Build | Farm |
| 22:57 | Build | Farm |
| 23:05 | Build | Market |
| 23:08 | Build | House |
| 23:17 | Build | Farm |
| 23:18 | Build | Farm |
| 23:20 | Queue | Villager (Male) |
| 23:37 | Queue | Scout Cavalry |
| 23:50 | Queue | Scout Cavalry |
| 23:58 | Build | Mining Camp |
| 24:07 | Queue | Villager (Male) |
| 24:13 | Queue | Scout Cavalry |
| 24:35 | Queue | Scout Cavalry |
| 24:52 | Queue | Scout Cavalry |
| 25:09 | Research | Castle Age |
| 25:11 | Build | Blacksmith |
| 25:33 | Queue | Villager (Male) |
| 25:55 | Queue | Villager (Male) |
| 26:05 | Queue | Villager (Male) |
| 26:08 | Build | Lumber Camp |
| 26:09 | Queue | Villager (Male) |
| 26:19 | Research | Scale Barding Armor |
| 26:27 | Queue | Villager (Male) |
| 26:30 | Build | Mining Camp |
| 26:34 | Build | Mining Camp |
Build order — Dolzka
First 150 of 394 actions detected
| 0:00 | Queue | Villager (Male) |
| 0:01 | Queue | Villager (Male) |
| 0:03 | Build | House |
| 0:06 | Build | House |
| 0:21 | Queue | Villager (Male) |
| 0:45 | Queue | Villager (Male) |
| 1:38 | Queue | Villager (Male) |
| 2:03 | Queue | Villager (Male) |
| 2:04 | Queue | Villager (Male) |
| 2:16 | Build | Lumber Camp |
| 2:21 | Build | Lumber Camp |
| 2:27 | Queue | Villager (Male) |
| 2:29 | Build | House |
| 2:35 | Queue | Villager (Male) |
| 3:23 | Queue | Villager (Male) |
| 3:24 | Queue | Villager (Male) |
| 3:47 | Queue | Villager (Male) |
| 4:03 | Build | House |
| 4:12 | Queue | Villager (Male) |
| 4:19 | Queue | Villager (Male) |
| 4:19 | Queue | Villager (Male) |
| 5:06 | Queue | Villager (Male) |
| 5:06 | Queue | Villager (Male) |
| 5:06 | Queue | Villager (Male) |
| 5:20 | Queue | Villager (Male) |
| 5:41 | Build | House |
| 6:34 | Research | Loom |
| 6:42 | Queue | Villager (Male) |
| 6:45 | Build | Mill |
| 7:38 | Queue | Villager (Male) |
| 7:38 | Queue | Villager (Male) |
| 8:31 | Queue | Villager (Male) |
| 8:50 | Build | House |
| 10:08 | Build | Town Center |
| 11:39 | Research | Feudal Age |
| 11:40 | Queue | Villager (Male) |
| 12:25 | Queue | Villager (Male) |
| 12:27 | Build | House |
| 12:52 | Build | House |
| 13:14 | Build | House |
| 13:49 | Age | Feudal Age |
| 14:02 | Build | Farm |
| 14:05 | Build | Farm |
| 14:28 | Queue | Villager (Male) |
| 14:30 | Queue | Villager (Male) |
| 14:35 | Build | Farm |
| 14:38 | Build | Farm |
| 15:05 | Build | Farm |
| 15:10 | Build | House |
| 15:24 | Queue | Villager (Male) |
| 15:28 | Build | Farm |
| 15:46 | Build | Blacksmith |
| 15:50 | Queue | Villager (Male) |
| 15:58 | Build | House |
| 16:01 | Build | Farm |
| 16:09 | Build | Farm |
| 16:13 | Build | Farm |
| 16:16 | Queue | Villager (Male) |
| 16:32 | Build | House |
| 16:35 | Queue | Villager (Male) |
| 16:47 | Build | Farm |
| 17:06 | Build | Market |
| 17:08 | Queue | Villager (Male) |
| 17:16 | Queue | Villager (Male) |
| 17:28 | Research | Town Watch |
| 17:43 | Build | Mining Camp |
| 17:56 | Build | House |
| 18:09 | Queue | Villager (Male) |
| 18:20 | Build | Farm |
| 18:36 | Research | Castle Age |
| 18:44 | Build | Lumber Camp |
| 18:47 | Build | Farm |
| 18:50 | Queue | Villager (Male) |
| 19:25 | Build | Barracks |
| 20:15 | Build | House |
| 20:20 | Build | House |
| 20:21 | Queue | Spearman |
| 20:23 | Build | House |
| 21:00 | Build | Palisade Wall |
| 21:04 | Build | Palisade Wall |
| 21:10 | Build | House |
| 21:16 | Age | Castle Age |
| 21:18 | Build | Palisade Wall |
| 21:24 | Queue | Villager (Male) |
| 21:29 | Build | Watch Tower |
| 21:50 | Build | Siege Workshop |
| 22:01 | Build | House |
| 22:08 | Queue | Villager (Male) |
| 22:08 | Queue | Villager (Male) |
| 22:25 | Queue | Mangonel |
| 22:43 | Build | House |
| 22:45 | Build | Palisade Wall |
| 22:55 | Build | House |
| 23:04 | Research | Gold Mining |
| 23:06 | Queue | Villager (Male) |
| 23:07 | Queue | Villager (Male) |
| 23:13 | Build | Mill |
| 23:14 | Build | Farm |
| 23:14 | Build | Farm |
| 23:14 | Build | Farm |
| 23:33 | Queue | Villager (Male) |
| 23:37 | Queue | Scorpion |
| 23:37 | Queue | Scorpion |
| 23:43 | Build | Farm |
| 23:54 | Queue | Spearman |
| 24:16 | Build | Outpost |
| 24:23 | Queue | Villager (Male) |
| 24:24 | Queue | Villager (Male) |
| 24:24 | Queue | Villager (Male) |
| 24:24 | Queue | Villager (Male) |
| 24:52 | Build | Archery Range |
| 25:07 | Build | Farm |
| 25:07 | Build | Farm |
| 25:23 | Queue | Spearman |
| 25:23 | Queue | Spearman |
| 25:39 | Build | Stone Wall |
| 25:48 | Build | Gate |
| 26:09 | Queue | Villager (Male) |
| 26:10 | Queue | Villager (Male) |
| 26:21 | Research | Pikeman (upgrade) |
| 26:26 | Build | Stone Wall |
| 26:49 | Build | Castle |
| 26:56 | Build | House |
| 26:59 | Queue | Spearman |
| 27:02 | Queue | Villager (Male) |
| 27:02 | Queue | Villager (Male) |
| 27:23 | Build | House |
| 27:34 | Queue | Villager (Male) |
| 27:40 | Research | Fletching |
| 27:43 | Research | Fletching |
| 27:44 | Research | Padded Archer Armor |
| 27:58 | Build | University |
| 28:08 | Queue | Villager (Male) |
| 28:15 | Build | Mining Camp |
| 28:16 | Queue | Arambai |
| 28:16 | Queue | Arambai |
| 28:28 | Research | Squires |
| 28:28 | Queue | Spearman |
| 28:28 | Queue | Spearman |
| 28:30 | Build | Farm |
| 28:38 | Research | Wheelbarrow |
| 28:55 | Queue | Arambai |
| 28:56 | Queue | Arambai |
| 28:56 | Queue | Arambai |
| 29:11 | Build | Stone Wall |
| 29:14 | Queue | Villager (Male) |
| 29:24 | Queue | Arambai |
| 29:24 | Queue | Arambai |
| 29:29 | Research | Horse Collar |
| 29:45 | Build | Farm |
Match timeline
| 6:26 | mung bean cake · wall_segment Palisade Wall x1 |
| 6:30 | mung bean cake · wall_segment Palisade Wall x1 |
| 6:31 | mung bean cake · wall_segment Palisade Wall x1 |
| 6:32 | mung bean cake · wall_segment Palisade Wall x1 |
| 13:49 | Dolzka · age_up feudal |
| 15:38 | mung bean cake · wall_segment Palisade Wall x1 |
| 15:41 | mung bean cake · wall_segment Palisade Wall x1 |
| 16:54 | mung bean cake · first_building Barracks |
| 17:21 | mung bean cake · age_up feudal |
| 17:24 | mung bean cake · first_building Stable |
| 18:00 | Dolzka · first_market_sell 100 wood |
| 19:25 | Dolzka · first_building Barracks |
| 21:00 | Dolzka · wall_segment Palisade Wall x1 |
| 21:04 | Dolzka · wall_segment Palisade Wall x1 |
| 21:16 | Dolzka · age_up castle |
| 21:18 | Dolzka · wall_segment Palisade Wall x1 |
| 21:50 | Dolzka · first_building Siege Workshop |
| 22:45 | Dolzka · wall_segment Palisade Wall x1 |
| 24:52 | Dolzka · first_building Archery Range |
| 25:00 | mung bean cake · first_market_sell 100 wood |
| 25:02 | mung bean cake · first_market_buy 100 food |
| 25:39 | Dolzka · wall_segment Stone Wall x18 |
| 26:26 | Dolzka · wall_segment Stone Wall x12 |
| 26:49 | Dolzka · first_building Castle |
| 27:34 | mung bean cake · age_up castle |
| 29:11 | Dolzka · wall_segment Stone Wall x5 |
| 30:24 | mung bean cake · first_building Castle |
| 32:02 | mung bean cake · first_building Monastery |
| 32:29 | mung bean cake · first_building Archery Range |
| 32:44 | Dolzka · first_market_buy 100 wood |
| 34:52 | Dolzka · first_building Monastery |
| 35:50 | Dolzka · first_building Stable |
| 40:09 | mung bean cake · first_building Siege Workshop |
| 46:04 | Dolzka · age_up imperial |
| 48:20 | mung bean cake · resign |
[ AI ANALYSIS · 1 CREDIT ]
What really happened in this match?
Wolo.gg analyzes every decision: build order, eco, micro, common mistakes by bracket. Personalized analysis on WhatsApp or Discord in 30 seconds.
Civ guide
Persians
Perfil
Jugador #12439770